 Dungeon Crawl Stone Soup version 0.30.1-4-g462c640d31 (webtiles) character file.

Game seed: 10895296387636923861

382 Wiggles the Chopper (level 6, -4/56 HPs)
             Began as a Minotaur Berserker on Aug 16, 2023.
             Was a Priest of Trog.
             Killed by nerve-wracking pain
             ... invoked by an orc priest
              (10 damage)
             ... on level 4 of the Dungeon.
             The game lasted 00:04:34 (2461 turns).

Wiggles the Chopper (Minotaur Berserker)            Turns: 2461, Time: 00:04:35

Health: -4/56      AC: 10    Str: 23    XL:     6   Next: 47%
Magic:  5/5        EV:  9    Int:  4    God:    Trog [***...]
Gold:   247        SH:  0    Dex: 10    Spells: 5/5 levels left

rFire   . . .        a - +0 hand axe
rCold   . . .        (no shield)
rNeg    . . .        j - +0 chain mail
rPois   +            (helmet restricted)
rElec   .            o - scarf {harm}
rCorr   .            t - +0 pair of gloves
SInv    .            (no boots)
Will    .....        (no amulet) Stlth
                     v - ring of poison resistance
HPRegen 0.29/turn    (no ring)
MPRegen 0.09/turn

%: harm (+30% outgoing, +20% incoming)
@: no status effects
A: horns 2, retaliatory headbutt
a: Renounce Religion, Berserk, Trog's Hand


You were on level 4 of the Dungeon.
You worshipped Trog.
Trog was most pleased with you.
You visited 1 branch of the dungeon, and saw 4 of its levels.

You collected 247 gold pieces.

Inventory:

Hand Weapons
 a - a +0 hand axe (weapon)
Missiles
 e - a throwing net (quivered)
Armour
 j - a +0 chain mail (worn)
 o - a scarf of harm (worn)
 t - a +0 pair of gloves (worn)
Jewellery
 s - a +6 ring of intelligence
 v - a ring of poison resistance (left hand)
Scrolls
 b - a scroll of amnesia {unknown}
 c - a scroll of immolation {unknown}
 d - a scroll of enchant weapon {unknown}
 h - a scroll of magic mapping {unknown}
 k - a scroll of noise {unknown}
 l - 2 scrolls of vulnerability {unknown}
 m - 3 scrolls of identify {unknown}
 n - a scroll of brand weapon {unknown}
Potions
 f - 2 potions of heal wounds {unknown}
 g - 2 potions of curing {unknown}
 i - a potion of brilliance {unknown}
 p - a potion of mutation {unknown}
 q - a potion of ambrosia {unknown}
 r - 3 potions of flight {unknown}
 u - a potion of berserk rage {unknown}
 w - a potion of magic {unknown}


   Skills:
 + Level 5.1 Fighting
 + Level 6.6 Axes
 + Level 4.1 Armour
 + Level 3.2 Dodging
 + Level 0.4 Stealth


You had 5 spell levels left.
You didn't know any spells.
Your spell library was empty.

Dungeon Overview and Level Annotations

Branches:
Dungeon (4/15)
 Temple: D:4-7

Altars:
Cheibriados
Qazlal

Shops:
D:1 *[[[


Innate Abilities, Weirdness & Mutations

You have a pair of horns on your head.
You reflexively headbutt those who attack you in melee.


Message History

The orc priest is severely wounded.
You hit the orc.
You kill the orc!
Trog accepts your kill.
The orc priest invokes the aid of Beogh against you.
Pain shoots through your body!
The orc priest casts a cantrip, but nothing happens.
You closely miss the orc priest. Your punch misses the orc priest.
The orc priest is heavily wounded.
The orc priest looks braver for a moment.
You hit the orc priest but do no damage.
Your headbutt misses the orc priest.
The orc priest is heavily wounded.
The orc priest barely misses you.
You barely miss the orc priest.
The orc priest is heavily wounded.
The orc priest hits you with a +0 morningstar.
The orc priest calls upon Beogh to heal the orc priest.
The orc priest is healed somewhat.
You hit the orc priest.
The orc priest is moderately wounded.
The orc priest closely misses you.
You closely miss the orc priest.
The orc priest is moderately wounded.
The orc priest invokes the aid of Beogh against you.
Beogh smites you!
* * * LOW HITPOINT WARNING * * *
The orc priest mumbles some strange prayers to Beogh against you.
Pain shoots through your body!
* * * LOW HITPOINT WARNING * * *
You hit the orc priest but do no damage.
The orc priest is moderately wounded.
The orc priest barely misses you.
You hit the orc priest. Your headbutt misses the orc priest.
The orc priest is moderately wounded.
The orc priest hits you with a +0 morningstar.
* * * LOW HITPOINT WARNING * * *
The orc priest calls down the wrath of Beogh upon you.
Pain shoots through your body!
You die...

รทรท#.##########.#
..#.# #.# ....# #.#
..### #.#
#.############.########
#.....................#
#.############.######.#
....# #......# ....#
#+#@.### ....#
......)o.|...# ....#
.....o..###### ....#
........# ....#
........# ....#
........# ....#
........# ....#
........# #####


You could see 2 orc priests.

Vanquished Creatures
  A black bear (D:4)
  A phantom (D:4)
  A hound (D:4)
  4 gnolls (D:2)
  6 adders
  3 worms
  3 dart slugs
  6 orcs
  6 ball pythons
  6 bats
  9 endoplasms
  2 giant cockroaches
  5 hobgoblins
  5 jackals
  3 quokkas
  3 frilled lizards
  5 goblins
  9 kobolds
  5 rats
83 creatures vanquished.

Notes
Turn   | Place    | Note
-------+----------+-------------------------------------------
     0 | D:1      | Wiggles the Minotaur Berserker began the quest for the Orb.
     0 | D:1      | Reached XP level 1. HP: 19/19 MP: 0/0
   135 | D:1      | Found Xomuh's Armour Boutique.
   195 | D:1      | Reached skill level 4 in Axes
   195 | D:1      | Reached XP level 2. HP: 16/27 MP: 1/1
   489 | D:1      | Found Piuvveaz's Armour Shop.
   570 | D:1      | Found Gocioh's Assorted Antiques.
   636 | D:1      | Found Dagiv's Antique Armour Shoppe.
   727 | D:2      | Reached ** piety under Trog
   732 | D:2      | Found a stormy altar of Qazlal.
   755 | D:2      | Reached XP level 3. HP: 33/33 MP: 2/2
  1036 | D:2      | Reached XP level 4. HP: 41/41 MP: 3/3
  1108 | D:2      | Found a faded altar of an unknown god.
  1224 | D:2      | Reached skill level 5 in Axes
  1584 | D:3      | Reached XP level 5. HP: 47/47 MP: 4/4
  2027 | D:4      | Noticed a black bear
  2032 | D:4      | Killed a black bear
  2033 | D:4      | Reached skill level 6 in Axes
  2086 | D:4      | Found a snail-covered altar of Cheibriados.
  2134 | D:4      | Reached skill level 5 in Fighting
  2134 | D:4      | Reached XP level 6. HP: 49/56 MP: 5/5
  2181 | D:4      | Reached *** piety under Trog
  2461 | D:4      | Killed from afar by an orc priest

Illustrated notes

Levels and vault maps discovered:
D:1:      minmay_arrival_plants_in_alcoves, layout_basic, serial_shops, shop,
          shop, shop, nicolae_shop_crystal, st_stairs_4
D:2:      layout_basic, basic_altar, hellmonk_ecumenical_altar_run_dry,
          minmay_heptomino_h4
D:3:      layout_rooms, dk_vineyard_2
D:4:      layout_basic, mainiacjoe_overflow_tiny_flanked,
          minmay_close_crescents, uniq_blork_the_orc

Skill      XL: |  1  2  3  4  5  6 |
---------------+-------------------+-----
Axes           | 4 5 6 |  6.6
Fighting       | 4 5 |  5.1
Armour         | 3 4 |  4.1
Dodging        | 3 |  3.2
Stealth        | |  0.4

Action                     |  1- 3 |  4- 6 || total
---------------------------+-------+-------++-------
  Melee: Hand axe          |    87 |   113 ||   200
         Headbutt          |     7 |    19 ||    26
 Invoke: Berserk           |       |     1 ||     1
 Armour: Ring mail         |    23 |       ||    23
         Animal skin       |     1 |       ||     1
         Chain mail        |     5 |    50 ||    55
  Dodge: Dodged            |    68 |    48 ||   116
